 Dungeon Crawl Stone Soup version 0.29.1-1-gd02db6906a (webtiles) character file.

Game seed: 16124408455360317644

0 EndH the Stinger (level 1, -1/13 HPs)
             Began as a Merfolk Venom Mage on Sept 16, 2022.
             Slain by a quokka (3 damage)
             ... on level 1 of the Dungeon.
             The game lasted 00:02:53 (245 turns).

EndH the Stinger (Merfolk Venom Mage)                Turns: 245, Time: 00:02:54

Health: -1/13      AC:  2    Str:  8    XL:     1   Next: 0%
Magic:  3/3        EV: 12    Int: 14    God:
Gold:   7          SH:  0    Dex: 14    Spells: 3/4 levels left

rFire   . . .      SeeInvis .   (no weapon)
rCold   . . .      Faith    .   (no shield)
rNeg    . . .      Spirit   .   a - +0 robe
rPois   .          Reflect  .   (no helmet)
rElec   .          Harm     .   (no cloak)
rCorr   .          Rampage  .   (no gloves)
Will    .....                   (no boots)
Stlth   ++........              (no amulet)
HPRegen 0.04/turn               (no ring)
MPRegen 0.08/turn               (no ring)

@: no status effects
A: (nimble swimmer 2), mertail
a: no special abilities


You were on level 1 of the Dungeon.
You visited 1 branch of the dungeon, and saw 1 of its levels.

You collected 7 gold pieces.

Inventory:

Armour
 a - a +0 robe (worn)
Potions
 b - a potion of magic


   Skills:
 + Level 2.6 Dodging
 + Level 2.1 Stealth
 + Level 2.0 Spellcasting
 + Level 1.3 Transmutations
 + Level 3.2 Poison Magic


You had 3 spell levels left.
You knew the following spells:

 Your Spells              Type           Power      Damage    Failure   Level
a - Sting                 Tmut/Pois      28%        1d4       10%         1

Your spell library contained the following spells:

 Spells                   Type           Power      Damage    Failure   Level
 Poisonous Vapours        Pois/Air       12%        N/A       19%         2
 Mephitic Cloud           Conj/Pois/Air  4%         N/A       41%         3
 Olgreb's Toxic Radiance  Pois           10%        N/A       52%         4


Dungeon Overview and Level Annotations

Branches:
Dungeon (1/15)

Altars:


Innate Abilities, Weirdness & Mutations

((You are very nimble when in or above water. (Stealth+, EV+, Speed+++)))
Your lower body shifts to a powerful aquatic tail in water.


Message History

The bat attacks as you move away! The bat hits you but does no damage.
The bat closely misses you. The kobold hits you but does no damage.
The bat hits you but does no damage. The bat attacks as you move away!
The bat misses you. The bat closely misses you. The bat barely misses you.
The bat hits you but does no damage. The bat hits you but does no damage.
The bat barely misses you. The bat hits you but does no damage.
You closely miss the bat. The bat closely misses you.
The quokka closely misses you. The bat closely misses you.
The quokka barely misses you. The quokka attacks as you move away!
The quokka barely misses you. The bat closely misses you.
The kobold closely misses you. The bat barely misses you.
You hit the kobold but do no damage. The bat hits you but does no damage.
The quokka closely misses you. The kobold hits you with a +0 dagger.
You barely miss the kobold. The bat barely misses you.
The quokka barely misses you. x2; The bat closely misses you.
The kobold barely misses you.
You hit the kobold.
The kobold is moderately wounded.
The bat closely misses you. The quokka bites you.
The kobold hits you with a +0 dagger.
You hit the kobold but do no damage.
The kobold is moderately wounded.
The bat hits you. The quokka bites you. The bat barely misses you.
The kobold hits you with a +0 dagger.
You hit the kobold.
The kobold is severely wounded.
The bat closely misses you. The quokka closely misses you. The bat hits you.
The kobold misses you.
You hit the bat but do no damage. The bat closely misses you.
The quokka bites you but does no damage.
The bat misses you. The kobold hits you with a +0 dagger.
* * * LOW HITPOINT WARNING * * *
You hit the bat but do no damage. The bat hits you.
* * * LOW HITPOINT WARNING * * *
The quokka barely misses you. The quokka bites you.
You die...

##........#P.....##
###.#.#.#..
###..######.P..#####.#...#...
#..# #....###...#.#.#.#...
#..# #~...........#...##.##
#...P...P#PP.##...##.#.#......
#.PP.⌠.P.#..#......#..^##.###.
#P...⌠⌠PP#..#..###.#.#........
#.P.P.P~.#..#Kr##....##.###.#
..P..P.#..@.....#.........
.P~P P.#.b#.###.##.###.#
####..#.# #.......##
......###.......#
.................#
....####..##.......# .#..
##..#........ .. #....###.###
#...##.# .#


You could see a quokka, a bat and a kobold.

Vanquished Creatures (others)
  A fungus (D:1)
  A plant (D:1)
2 creatures vanquished.

Notes
Turn   | Place    | Note
-------+----------+-------------------------------------------
     0 | D:1      | EndH the Merfolk Venom Mage began the quest for the Orb.
     0 | D:1      | Reached XP level 1. HP: 13/13 MP: 3/3
   245 | D:1      | Slain by a quokka

Illustrated notes

Levels and vault maps discovered:
D:1:      tarquinn_simple_flora_water_d, layout_rooms,
          shapermc_ecumenical_altar_mp_ritualfount,
          nicolae_concentric_dashed_squares_mild, hex_medium,
          roderic_serpentine_path

Action                   || total
-------------------------++-------
Melee: Unarmed           ||    14
Armor: Robe              ||    15
Dodge: Dodged            ||    39
